 Dungeon Crawl Stone Soup version 0.30-a0-272-gf98c3da03f (webtiles) character file.

Game seed: 17932655860183946660

185659 Weizan the Imperceptible (level 17, -20/86 (90) HPs)
             Began as a Spriggan Enchanter on Oct 13, 2022.
             Was the Champion of Dithmenos.
             Demolished by a +1 glaive of venom (23 damage)
             ... on level 3 of the Elven Halls on Oct 15, 2022.
             The game lasted 02:04:53 (30135 turns).

Weizan the Imperceptible (Spriggan Enchanter)      Turns: 30135, Time: 02:04:54

HP:   -20/86 (90)   AC: 12    Str: 10    XL:     17   Next: 82%
MP:   39/39         EV: 27    Int: 18    God:    Dithmenos [******]
Gold: 1158          SH:  0    Dex: 16    Spells: 13/50 levels left

rFire   + . .      SeeInvis +    V - +8 arc blade {discharge, rElec}
rCold   . . .      Faith    .    (no shield)
rNeg    . . .      Spirit   .    z - +4 steam dragon scales
rPois   +          Reflect  .    (helmet restricted)
rElec   +          Harm     .    m - +2 cloak
rCorr   .          Rampage  .    (gloves unavailable)
Will    ++...                    (boots unavailable) Stlth *****+++++
                                 g - amulet of regeneration
HPRegen 1.14/turn                h - +4 ring of protection
MPRegen 0.26/turn                A - ring "Pimn" {*Corrode rPois rF+ Slay+4 SInv}

@: lethally poisoned (-20 -> -28), corroded, wreathed by umbra, lightly drained,
very quick
A: very small, no large weapons, unfitting armour, see invisible, speed 3, sense
surroundings 1
a: Renounce Religion, Shadow Step, Shadow Form


You were on level 3 of the Elven Halls.
You worshipped Dithmenos.
Dithmenos was exalted by your worship.
You visited 8 branches of the dungeon, and saw 29 of its levels.
You also visited: Ice Cave and Volcano.

You collected 3617 gold pieces.
You spent 2459 gold pieces at shops.

Inventory:

Hand Weapons
 o - a +6 vorpal dagger
 x - the +6 rapier of Emyddoecif {vorpal, rCorr MP+9}
   (You found it on level 5 of the Lair of Beasts)

   It inflicts extra damage upon your enemies.
   MP:        It affects your magic capacity (+9).
   rCorr:     It protects you from acid and corrosion.
 F - a +1 dagger of electrocution
 V - the +8 arc blade (weapon) {discharge, rElec}
   (You bought it in a shop on level 2 of the Orcish Mines)

   It occasionally unleashes powerful arcs of lightning upon striking a foe.
   These may arc to other adjacent creatures (including the wielder, but dealing
   reduced damage to them) before grounding out.
   rElec:     It insulates you from electricity.
Missiles
 k - a throwing net (quivered)
 P - 5 curare-tipped darts
Armour
 f - a +2 robe of the Archmagi
 m - a +2 cloak (worn)
 z - +4 steam dragon scales (worn)
 U - a scarf of resistance
Jewellery
 d - an amulet of magic regeneration
 g - an amulet of regeneration (around neck)
 h - a +4 ring of protection (left hand)
 A - the ring "Pimn" (right hand) {*Corrode rPois rF+ Slay+4 SInv}
   (You found it on level 11 of the Dungeon)

   [ring of protection from fire]

   Slay:      It affects your accuracy & damage with ranged weapons and melee
   (+4).
   rF:        It protects you from fire.
   rPois:     It protects you from poison.
   SInv:      It lets you see invisible.
   *Corrode:  It may corrode you when you take damage.
 C - the ring "Xoss" {rElec MP+9 Int+6 Dex+2}
   (You took it off a deep elf annihilator on level 3 of the Elven Halls)

   [ring of intelligence]

   Int:       It affects your intelligence (+6).
   Dex:       It affects your dexterity (+2).
   rElec:     It insulates you from electricity.
   MP:        It affects your magic capacity (+9).
 J - a ring of wizardry
 M - a ring of resist corrosion
 R - a +4 ring of evasion
Wands
 a - a wand of quicksilver (9)
 c - a wand of mindburst (22)
 v - a wand of charming (15)
 L - a wand of iceblast (21)
 Q - a wand of flame (4)
Scrolls
 i - 6 scrolls of teleportation
 l - a scroll of vulnerability
 n - 3 scrolls of fog
 p - 2 scrolls of amnesia
 q - a scroll of brand weapon
 y - a scroll of magic mapping
 D - 5 scrolls of fear
 E - 3 scrolls of summoning
 G - 2 scrolls of poison
 H - 5 scrolls of enchant weapon
 K - 3 scrolls of blinking
 O - 2 scrolls of immolation
Potions
 b - a potion of berserk rage
 e - 2 potions of cancellation
 j - 8 potions of lignification
 r - 4 potions of mutation
 s - 4 potions of brilliance
 t - 2 potions of flight
 u - 8 potions of curing
 w - 2 potions of magic
 I - 2 potions of invisibility
 S - 3 potions of resistance
 W - a potion of haste
 X - a potion of might
 Y - a potion of ambrosia
Miscellaneous
 B - a tin of tremorstones (2/2)
 N - a condenser vane


   Skills:
 + Level 10.6 Fighting
 + Level 13.1 Short Blades
 - Level 15.1 Dodging
 + Level 21.6 Stealth
 + Level 17.3 Spellcasting
 + Level 18.9 Hexes
 - Level 5.0 Summonings


You had 13 spell levels left.
You knew the following spells:

 Your Spells              Type           Power      Damage    Failure   Level
a - Ensorcelled Hibernat  Hex/Ice        98%        N/A       1%          2
b - Tukima's Dance        Hex            70%        N/A       0%          3
c - Dazzling Flash        Conj/Hex       98%        N/A       1%          3
d - Confusing Touch       Hex            70%        N/A       0%          3
e - Blink                 Tloc           30%        N/A       6%          2
f - Summon Mana Viper     Hex/Summ       55%        N/A       1%          5
g - Enfeeble              Hex            35%        N/A       1%          7
i - Cause Fear            Hex            35%        N/A       0%          4
o - Discord               Hex            35%        N/A       11%         8

Your spell library contained the following spells:

 Spells                   Type           Power      Damage    Failure   Level
 Slow                     Hex            100%       N/A       0%          1
 Call Imp                 Summ           33%        N/A       1%          2
 Inner Flame              Hex/Fire       49%        N/A       1%          3
 Fulminant Prism          Conj/Hex       24%        3d13      1%          4
 Leda's Liquefaction      Hex/Erth       24%        N/A       1%          4
 Metabolic Englaciation   Hex/Ice        24%        N/A       2%          5
 Silence                  Hex/Air        24%        N/A       2%          5
 Yara's Violent Unravell  Hex/Tmut       24%        3d11      2%          5
 Magic Dart               Conj           60%        1d6       3%          1
 Cigotuvi's Dreadful Rot  Necr/Pois/Air  30%        N/A       6%          2
 Momentum Strike          Conj/Tloc      30%        3d8       6%          2
 Poisonous Vapours        Pois/Air       30%        N/A       6%          2
 Scorch                   Fire           30%        2d6       6%          2
 Searing Ray              Conj           30%        2d5       6%          2
 Ignite Poison            Fire/Tmut/Pois 15%        N/A       12%         3
 Kindle Blastsparks       Fire/Tloc/Air  30%        2d12      12%         3
 Lesser Beckoning         Tloc           30%        N/A       12%         3
 Mephitic Cloud           Conj/Pois/Air  15%        N/A       12%         3
 Ozocubu's Armour         Ice            15%        N/A       12%         3
 Vampiric Draining        Necr           15%        2d7       12%         3
 Summon Lightning Spire   Summ/Air       24%        N/A       14%         4
 Airstrike                Air            7%         2d(2-18)  36%         4
 Flame Wave               Conj/Fire      15%        2d7       36%         4
 Manifold Assault         Tloc           15%        N/A       36%         4
 Passage of Golubria      Tloc           15%        N/A       36%         4
 Petrify                  Tmut/Erth      15%        N/A       36%         4
 Summon Forest            Summ/Tloc      12%        N/A       36%         5
 Summon Cactus Giant      Summ           16%        N/A       58%         6
 Alistair's Intoxication  Tmut/Pois      10%        N/A       71%         5
 Borgnjor's Vile Clutch   Necr/Erth      7%         N/A       71%         5
 Fireball                 Conj/Fire      7%         3d5       71%         5
 Freezing Cloud           Conj/Ice/Air   7%         6-21      71%         5
 Iskenderun's Battlesphe  Conj           15%        2d7       71%         5
 Lee's Rapid Deconstruct  Erth           7%         3d8*      71%         5
 Lightning Bolt           Conj/Air       7%         1d20      71%         5
 Conjure Ball Lightning   Conj/Air       7%         3x3d6     99%         6
 Dispersal                Tloc           7%         N/A       99%         6
 Eringya's Noxious Bog    Tmut/Pois      7%         N/A       99%         6
 Iron Shot                Conj/Erth      7%         9d2       99%         6
 Statue Form              Tmut/Erth      10%        N/A       99%         6
 Orb of Destruction       Conj           7%         9d6       100%        7
 Ozocubu's Refrigeration  Ice            7%         4d9       100%        7
 Spellforged Servitor     Conj/Summ      12%        N/A       100%        7
 Disjunction              Tloc           7%         N/A       100%        8
 Ignition                 Fire           7%         3d5       100%        8
 Lehudib's Crystal Spear  Conj/Erth      7%         10d3      100%        8


Dungeon Overview and Level Annotations

Branches:
Dungeon (15/15)            Temple (1/1) D:5            Lair (5/5) D:10
  Swamp (1/4) Lair:3       Spider (1/4) Lair:2        Slime (0/5) Lair:4
    Orc (2/2) D:11            Elf (3/3) Orc:2        Vaults (0/5) D:13
 Depths (1/4) D:15          IceCv (visited)         Volcano (visited)

Altars:
Ashenzari
Cheibriados
Dithmenos
Elyvilon
Fedhas
Gozag
Hepliaklqana
Kikubaaqudgha
Makhleb
Nemelex Xobeh
Okawaru
Qazlal
Ru
Sif Muna
Trog
Uskayaw
Vehumet
Wu Jian
Xom
Yredelemnul
Zin
The Shining One

Shops:
D:6 *   D:12 (   D:14 *   Orc:2 (*:?   Elf:1 [   Elf:2 (   Elf:3 =

Portals:
Hell: Depths:1
Pandemonium: Orc:2

Annotations:
Swamp:1 Mlioglotl
Elf:2 3 runed translucent doors


Innate Abilities, Weirdness & Mutations

You are very small and have problems with some larger weapons.
You are too small for most types of armour.
You have supernaturally acute eyesight. (SInv)
You cover ground extremely quickly. (Speed+++)
You passively map a small area around you.


Message History

You are too injured to fight recklessly!
You are too injured to fight recklessly!
You are too injured to fight recklessly!
You are too injured to fight recklessly!
Unknown command.
You hit the deep elf death mage.
The deep elf death mage is severely wounded.
Your shadow hits the deep elf death mage with a rapier.
The +1 glaive of venom hits you!!
* * * LOW HITPOINT WARNING * * *
You are poisoned.
You closely miss the deep elf death mage.
The deep elf death mage is severely wounded.
Your shadow hits the deep elf death mage with a rapier.
* * * LOW HITPOINT WARNING * * *
You feel very sick.
The deep elf death mage beckons forth a restless soul!
You puncture the deep elf death mage!
The arc blade crackles.
The lost soul is struck by an arc of lightning.
The lost soul resists.
The lost soul is lightly damaged.
The deep elf death mage is struck by an arc of lightning!
The lost soul assumes the form of the deep elf death mage and becomes anchored to this world!
You resist.
You are struck by an arc of lightning.
* * * LOW HITPOINT WARNING * * *
The ghostly deep elf death mage is struck by an arc of lightning!
The ghostly deep elf death mage is lightly damaged.
You resist.
You are struck by an arc of lightning.
* * * LOW HITPOINT WARNING * * *
The ghostly deep elf death mage is struck by an arc of lightning!
The ghostly deep elf death mage is moderately damaged.
You resist.
You are struck by an arc of lightning.
* * * LOW HITPOINT WARNING * * *
The lightning grounds out.
The ghostly deep elf death mage is struck by an arc of lightning.
The ghostly deep elf death mage is moderately damaged. x2
* * * LOW HITPOINT WARNING * * *
You feel very sick. The +1 glaive of venom hits you!!
You die...

#......................
#......................
#'#########'####'######
#......)#......'.......
#.......'......#...)...
#.......#......#.......
###############.)######
##."##.?##.}##[.# ,
#[[..@e}e.$.=#).#
#)...[(|.=../#..# ,,
#..?##[.##[.##..# *
#'######### ##..## *
#.###.###.###....##
#.##..##..##.).=..## ,
#.#...#...#)..)....# ,
#.............)).)....
##....................


You could see a deep elf annihilator, a ghostly deep elf death mage and a +1
glaive of venom.

Vanquished Creatures
  A deep elf blademaster (Elf:3)
  A deep elf master archer (Elf:3)
  4 deep elf sorcerers
  A frost giant (Depths:1)
  A quicksilver ooze (shapeshifter) (D:13)
  A stone giant (Depths:1)
  A deep elf demonologist (Elf:1)
  Nessos (Lair:3)
  2 deep elf annihilators (Elf:3)
  Snorg (D:10)
  2 deep elf death magi
  An entropy weaver (Spider:1)
  Josephine (Orc:2)
  A deep elf high priest (Elf:3)
  A rakshasa (D:13)
  A great orb of eyes (D:15)
  2 vault guards (D:13)
  A merfolk avatar (Lair:5)
  7 hydras
  2 ironbound frosthearts (IceCv)
  2 demonspawn (Orc:2)
  3 ogre magi
  2 boulder beetles
  6 centaur warriors
  A two-headed ogre (shapeshifter) (D:15)
  11 two-headed ogres
  A tengu warrior (D:13)
  A death yak (IceCv)
  9 dancing weapons
  11 deep elf knights
  4 orc high priests (Orc:2)
  Sonja (Lair:1)
  Amaemon (D:10)
  3 pharaoh ants (Spider:1)
  A sixfirhy (Orc:2)
  A sea snake (Lair:5)
  2 skeletal warriors (D:14)
  A steelbarb worm (Spider:1)
  3 bog bodies
  Pikel (D:8)
  An orb spider (Spider:1)
  A wizard (Depths:1)
  7 deep elf archers
  13 deep elf zephyrmancers
  8 orc knights
  26 deep elf pyromancers
  8 wolf spiders
  A harpy (Lair:5)
  9 orc sorcerers
  30 ugly things
  10 cyclopes
  5 manticores
  Joseph (D:9)
  10 elephants
  An ice statue (IceCv)
  A naga mage (D:15)
  A black mamba (shapeshifter) (Elf:1)
  A rust devil (Orc:2)
  4 black mambas
  A gargoyle (D:13)
  15 cane toads
  A torpor snail (Spider:1)
  Psyche (D:8)
  An orange demon (D:10)
  Maggie (D:9)
  A kobold demonologist (D:14)
  4 yaktaurs (D:14)
  An unseen horror (D:12)
  2 efreet
  11 komodo dragons
  3 rime drakes (Lair:5)
  A tengu conjurer (D:13)
  4 trolls
  A freezing wraith (D:15)
  3 red devils (Orc:2)
  A merfolk (D:15)
  14 polar bears
  A troll (shapeshifter) (D:11)
  A meliai (shapeshifter) (D:11)
  7 tarantellas (Spider:1)
  19 blink frogs
  8 slime creatures
  A snapping turtle (Lair:5)
  3 meliai (D:13)
  3 hornets
  3 vampires
  4 jumping spiders (Spider:1)
  A centaur simulacrum (D:11)
  5 water elementals
  6 wraiths
  2 air elementals (Elf:2)
  15 wyverns
  2 shadows (D:13)
  50 yaks
  13 culicivoras
  14 basilisks
  2 steam dragons
  7 fire elementals
  10 redbacks (Spider:1)
  A chaos spawn (Orc:2)
  4 wargs
  2 swamp worms (Swamp:1)
  3 acid dragons
  A swamp worm (shapeshifter) (D:15)
  9 water moccasins
  Duvessa (D:6)
  3 hell hounds (Volcano)
  A nameless horror (IceCv)
  23 orc warriors
  An ice beast (D:5)
  5 black bears
  3 centaurs
  9 ogres
  25 wolves
  2 kobold brigands
  A phantom (D:4)
  Blork the orc (Orc:1)
  2 gnoll sergeants
  2 scorpions
  10 bullfrogs
  2 earth elementals (Elf:2)
  3 necrophages
  4 wights
  Dowan (D:6)
  12 killer bees
  5 howler monkeys
  3 electric eels
  A crimson imp (D:8)
  6 hounds
  3 jellies
  Crazy Yiuf (D:4)
  A gnoll bouda (D:8)
  15 orc priests
  Jessica (D:2)
  3 iguanas
  12 orc wizards
  7 hell rats (Lair:5)
  Robin (D:2)
  8 adders
  9 gnolls
  13 white imps
  2 ufetubi (D:6)
  3 worms
  4 dart slugs
  49 orcs
  8 ball pythons
  13 bats
  7 endoplasms
  6 giant cockroaches
  13 goblins
  9 hobgoblins
  3 jackals (D:2)
  A quokka (D:2)
  3 frilled lizards
  10 kobolds
  6 rats
  A spectral orc (D:15)
837 creatures vanquished.

Vanquished Creatures (collateral kills)
  A deep elf master archer (Elf:3)
  3 deep elf sorcerers (Elf:3)
  2 deep elf elementalists (Elf:3)
  2 deep elf annihilators (Elf:3)
  3 deep elf death magi
  Fannar (Lair:2)
  2 vault guards (D:13)
  4 death yaks (IceCv)
  An orc high priest (Orc:2)
  3 deep elf knights
  A skeletal warrior (D:14)
  2 deep elf archers
  3 deep elf zephyrmancers
  4 deep elf pyromancers
  A yaktaur (D:13)
  6 polar bears (IceCv)
  Sigmund (D:2)
  3 yaks (IceCv)
  A fire elemental (Volcano)
  A human (D:13)
  6 orc warriors
  An ogre (D:4)
  2 wolves (IceCv)
  A bullfrog (D:9)
  3 wights
  An electric eel (Elf:3)
  2 orc priests (Orc:2)
  An orc wizard (Orc:2)
  A gnoll (D:4)
  8 orcs
  An endoplasm (D:2)
72 creatures vanquished.

Vanquished Creatures (others)
  A tengu reaver (D:13)
  A deep elf elementalist (Elf:3)
  A deep elf death mage (Elf:3)
  A deep elf high priest (Elf:3)
  A centaur warrior (D:13)
  A shadow wraith (D:13)
  A deep elf archer (Elf:2)
  5 deep elf zephyrmancers
  5 deep elf pyromancers
  13 dancing weapons
  A lemure (D:8)
  21 fungi
  44 plants
96 creatures vanquished.

Grand Total: 1005 creatures vanquished

Notes
Turn   | Place    | Note
-------+----------+-------------------------------------------
     0 | D:1      | Weizan the Spriggan Enchanter began the quest for the Orb.
     0 | D:1      | Reached XP level 1. HP: 9/9 MP: 5/5
   140 | D:1      | Reached XP level 2. HP: 13/13 MP: 7/7
   145 | D:1      | Learned a level 2 spell: Ensorcelled Hibernation
   209 | D:1      | Found a faded altar of an unknown god.
   555 | D:1      | Reached XP level 3. HP: 16/16 MP: 9/9
   559 | D:1      | Learned a level 3 spell: Tukima's Dance
   563 | D:1      | Learned a level 3 spell: Confusing Touch
   794 | D:2      | Noticed Jessica
   799 | D:2      | Killed Jessica
   804 | D:2      | Noticed Sigmund
   826 | D:2      | Killed Sigmund
   827 | D:2      | Reached skill level 5 in Spellcasting
   827 | D:2      | Reached XP level 4. HP: 14/21 MP: 6/12
   827 | D:2      | Reached XP level 5. HP: 16/24 MP: 7/14
   842 | D:1      | Learned a level 3 spell: Dazzling Flash
  1016 | D:2      | Noticed Robin
  1056 | D:2      | Killed Robin
  1261 | D:2      | Reached XP level 6. HP: 28/28 MP: 15/15
  1700 | D:3      | Found a stormy altar of Qazlal.
  1930 | D:3      | Found an ornate altar of the Wu Jian Council.
  2270 | D:3      | Found an iron altar of Okawaru.
  2905 | D:4      | Found a glowing golden altar of the Shining One.
  2921 | D:4      | Reached XP level 7. HP: 23/32 MP: 18/18
  3039 | D:4      | Reached skill level 5 in Stealth
  3373 | D:4      | Identified the +8 hammer of the Doomed Warrior {venom,
                  | Int+4}
  3382 | D:4      | Found a runed translucent door.
  3383 | D:4      | Noticed Crazy Yiuf
  3392 | D:4      | Killed Crazy Yiuf
  3468 | D:5      | Entered Level 5 of the Dungeon
  3480 | D:5      | Reached skill level 6 in Stealth
  3539 | D:5      | Reached skill level 7 in Stealth
  3674 | D:5      | Reached XP level 8. HP: 36/36 MP: 18/20
  3743 | D:5      | Reached skill level 8 in Stealth
  3853 | D:5      | Found a staircase to the Ecumenical Temple.
  3860 | Temple   | Entered the Ecumenical Temple
  3869 | Temple   | Became a worshipper of Dithmenos the Shadowed
  3948 | D:5      | Reached skill level 9 in Stealth
  4016 | D:5      | You fall into a shaft and drop 3 floors!
  4224 | D:7      | Found a broken altar of Ashenzari.
  4282 | D:6      | Found a hide-covered altar of Uskayaw.
  4327 | D:5      | Reached skill level 10 in Stealth
  4475 | D:5      | Learned a level 2 spell: Blink
  4501 | D:6      | Found a shimmering altar of Xom.
  4503 | D:6      | Found Maddaof's Assorted Antiques.
  4525 | D:6      | Bought a lumpy ruby potion for 20 gold pieces
  4525 | D:6      | Bought a scroll labelled COCUUS OFIH BAEK for 23 gold
                  | pieces
  4525 | D:6      | Bought a scroll of identify for 46 gold pieces
  4525 | D:6      | Bought a scroll labelled GESKOD XIAMAEZ for 23 gold pieces
  4525 | D:6      | Bought a scroll of teleportation for 69 gold pieces
  4676 | D:6      | Gained mutation: You passively map a small area around you.
                  | [potion of mutation]
  4720 | D:6      | Reached * piety under Dithmenos
  4746 | D:6      | Reached skill level 11 in Stealth
  4746 | D:6      | Reached XP level 9. HP: 27/39 MP: 12/22
  4946 | D:6      | Found a shimmering blue altar of Sif Muna.
  5097 | D:6      | Noticed Dowan
  5098 | D:6      | Noticed Duvessa
  5104 | D:6      | Upgraded the game from 0.30-a0-253-g6b895097cc to
                  | 0.30-a0-266-g2b27a225a3
  5114 | D:6      | Killed Duvessa
  5125 | D:6      | Killed Dowan
  5446 | D:7      | Reached skill level 1 in Fighting
  5687 | D:7      | Found a glowing silver altar of Zin.
  5782 | D:7      | Reached skill level 12 in Stealth
  6178 | D:8      | Noticed Pikel
  6206 | D:8      | Killed Pikel
  6273 | D:8      | Found a burning altar of Makhleb.
  6299 | D:8      | Found a snail-covered altar of Cheibriados.
  6401 | D:8      | Reached skill level 10 in Hexes
  6401 | D:8      | Reached XP level 10. HP: 40/46 MP: 14/24
  6476 | D:8      | Reached skill level 5 in Dodging
  6476 | D:8      | Noticed Psyche
  6487 | D:8      | Noticed a cyclops
  6490 | D:8      | Killed Psyche
  6502 | D:8      | Killed a cyclops
  6503 | D:8      | Reached skill level 10 in Spellcasting
  6865 | D:9      | Found a radiant altar of Vehumet.
  6894 | D:9      | Reached skill level 13 in Stealth
  6896 | D:9      | Reached ** piety under Dithmenos
  7137 | D:9      | Noticed Joseph
  7146 | D:9      | Killed Joseph
  7352 | D:9      | Reached skill level 5 in Short Blades
  7514 | D:9      | Noticed Maggie
  7519 | D:9      | Killed Maggie
  7648 | D:9      | Found a bloodstained altar of Trog.
  7958 | D:10     | Entered Level 10 of the Dungeon
  7960 | D:10     | Noticed Snorg
  8010 | D:10     | Found a white marble altar of Elyvilon.
  8061 | D:10     | Noticed a two-headed ogre
  8063 | D:10     | Killed a two-headed ogre
  8064 | D:10     | Reached XP level 11. HP: 53/53 MP: 26/26
  8123 | D:10     | Noticed a two-headed ogre
  8130 | D:10     | Killed a two-headed ogre
  8170 | D:10     | Killed Snorg
  8236 | D:10     | Reached skill level 14 in Stealth
  8286 | D:10     | Reached *** piety under Dithmenos
  8515 | D:10     | Found a staircase to the Lair.
  8608 | D:10     | Noticed Amaemon
  8634 | D:10     | Killed Amaemon
  8745 | D:10     | Found an ancient bone altar of Kikubaaqudgha.
  8871 | D:11     | Found a staircase to the Orcish Mines.
  8914 | D:11     | Noticed a green ugly thing
  9171 | D:11     | Killed a green ugly thing
  9204 | D:11     | Found a runed translucent door.
  9264 | D:11     | Noticed an orc knight
  9264 | D:11     | Noticed a four-headed hydra
  9266 | D:11     | Noticed a centaur warrior
  9266 | D:11     | Noticed a centaur warrior
  9267 | D:11     | Noticed a deep elf pyromancer
  9267 | D:11     | Noticed a six-headed hydra
  9268 | D:11     | Killed a four-headed hydra
  9269 | D:11     | Identified the ring "Pimn" {*Corrode rPois rF+ Slay+4 SInv}
  9280 | D:11     | Killed an orc knight
  9283 | D:11     | Killed a centaur warrior
  9284 | D:11     | Reached skill level 5 in Fighting
  9284 | D:11     | Reached skill level 15 in Stealth
  9290 | D:11     | Killed a centaur warrior
  9291 | D:11     | Reached XP level 12. HP: 56/60 MP: 22/28
  9296 | D:11     | Killed a six-headed hydra
  9345 | D:11     | Got the Volume of Bedrock and Heat
  9524 | D:11     | Learned a level 5 spell: Summon Mana Viper
  9590 | D:11     | Identified the +7 mace of Burning Cruel Justice {flame,
                  | Stlth+}
  9661 | D:11     | Reached **** piety under Dithmenos
  9662 | D:11     | Reached skill level 1 in Summonings
  9888 | D:12     | Found a sacrificial altar of Ru.
  9889 | D:12     | Noticed a two-headed ogre
  9907 | D:12     | Killed a two-headed ogre
 10044 | D:12     | Found Myseif's Antique Weapon Shoppe.
 10099 | D:12     | Noticed a boulder beetle
 10102 | D:12     | Killed a boulder beetle
 10132 | D:12     | Noticed a two-headed ogre
 10146 | D:12     | Killed a two-headed ogre
 10228 | D:12     | Reached skill level 5 in Summonings
 10586 | D:13     | Found a frozen archway.
 10588 | D:13     | Noticed a centaur warrior
 10594 | D:12     | Killed a centaur warrior
 10652 | IceCv    | Entered an ice cave
 10748 | IceCv    | Noticed a death yak
 10748 | IceCv    | Noticed a death yak
 10748 | IceCv    | Noticed a death yak
 10768 | IceCv    | Killed a death yak
 10779 | IceCv    | Killed a death yak
 10794 | IceCv    | Killed a death yak
 11032 | IceCv    | Noticed an ironbound frostheart
 11032 | IceCv    | Noticed a death yak
 11033 | IceCv    | Noticed an ironbound frostheart
 11056 | IceCv    | Reached skill level 10 in Dodging
 11091 | IceCv    | Killed an ironbound frostheart
 11092 | IceCv    | Reached XP level 13. HP: 59/65 MP: 3/30
 11113 | IceCv    | Reached skill level 16 in Stealth
 11297 | IceCv    | Identified the +3 battleaxe of Sharkskin {vamp, +Blink
                  | rPois rF+ Dex-4}
 11427 | IceCv    | Reached ***** piety under Dithmenos
 12798 | D:13     | Noticed a tengu reaver
 12811 | D:13     | Killed a tengu reaver
 12812 | D:13     | Reached skill level 17 in Stealth
 12955 | D:13     | a catoblepas changed into a ghost moth
 12955 | D:13     | Noticed a ghost moth (glowing shapeshifter)
 12956 | D:13     | a ghost moth changed into a catoblepas
 12958 | D:13     | a catoblepas changed into a minotaur
 12958 | D:13     | Noticed a minotaur (glowing shapeshifter)
 12966 | D:13     | a minotaur changed into a death yak
 12967 | D:13     | a death yak changed into an emperor scorpion
 12967 | D:13     | Noticed an emperor scorpion (glowing shapeshifter)
 12987 | D:13     | an emperor scorpion changed into a minotaur
 12987 | D:13     | Noticed a minotaur (glowing shapeshifter)
 12989 | D:13     | a minotaur changed into a quicksilver ooze
 12989 | D:13     | Noticed a quicksilver ooze (glowing shapeshifter)
 12990 | D:13     | Killed a quicksilver ooze
 13275 | D:13     | Reached XP level 14. HP: 55/72 MP: 20/32
 13337 | D:13     | Found a gate to the Vaults.
 13597 | D:14     | Identified the +1 ring mail "Kegecked" {Harm *Corrode rN++
                  | Int+4}
 13619 | D:14     | Found a sparkling altar of Nemelex Xobeh.
 13758 | D:14     | Found Ywkuott's Fire Supplies.
 14218 | D:14     | Reached skill level 10 in Short Blades
 14735 | Lair:1   | Entered Level 1 of the Lair of Beasts
 15037 | Lair:1   | Noticed Sonja
 15041 | Lair:1   | Found a dark tunnel.
 15059 | Volcano  | Entered a volcano
 15313 | Volcano  | Reached skill level 18 in Stealth
 15640 | Lair:1   | Killed Sonja
 16532 | Lair:2   | Noticed Fannar
 16646 | Lair:2   | Killed Fannar
 17209 | Lair:2   | Found a hole to the Spider Nest.
 17631 | Lair:3   | Noticed Nessos
 17635 | Lair:3   | Killed Nessos
 17682 | Lair:3   | Reached ****** piety under Dithmenos
 17761 | Lair:3   | Reached XP level 15. HP: 77/77 MP: 34/34
 17817 | Lair:3   | Found a staircase to the Swamp.
 18729 | Lair:4   | Found a staircase to the Slime Pits.
 19408 | Lair:5   | Entered Level 5 of the Lair of Beasts
 19438 | Lair:5   | Learned a level 7 spell: Enfeeble
 20033 | Lair:5   | Reached skill level 19 in Stealth
 20109 | Lair:5   | Reached skill level 15 in Hexes
 20251 | Lair:5   | Reached skill level 15 in Spellcasting
 20552 | Lair:5   | Identified the +2 robe of Tudyeqe {rN++}
 20684 | Lair:5   | Identified the +6 rapier of Emyddoecif {vorpal, rCorr MP+9}
 21181 | Orc:1    | Entered Level 1 of the Orcish Mines
 21242 | D:15     | Entered Level 15 of the Dungeon
 21281 | D:15     | Found a basalt altar of Yredelemnul.
 21723 | D:15     | Found a staircase to the Depths.
 22103 | D:15     | Reached XP level 16. HP: 84/84 MP: 33/36
 22383 | Orc:1    | Noticed Blork the orc
 22390 | Orc:1    | Killed Blork the orc
 22835 | Orc:2    | Entered Level 2 of the Orcish Mines
 22954 | Orc:2    | Found a staircase to the Elven Halls.
 23457 | Orc:2    | Noticed Josephine
 23469 | Orc:2    | Killed Josephine
 23622 | Orc:2    | Reached skill level 20 in Stealth
 23858 | Orc:2    | Found Nuylomoe's Magic Scroll Emporium.
 23880 | Orc:2    | Found Ujas's General Store.
 24051 | Orc:2    | Bought a scroll of blinking for 82 gold pieces
 24716 | Orc:2    | Reached skill level 15 in Dodging
 25003 | Orc:2    | Found Xijug's Book Boutique.
 25003 | Orc:2    | Found Inisuf's Antique Weapon Shop.
 25004 | Orc:2    | Found a one-way gate leading to the halls of Pandemonium.
 25008 | Orc:2    | Bought the +8 arc blade {discharge, rElec} for 1620 gold
                  | pieces
 25008 | Orc:2    | Found the +8 arc blade {discharge, rElec}
 25010 | Orc:2    | Bought a book of Hexes for 576 gold pieces
 25019 | Orc:2    | Learned a level 8 spell: Discord
 25142 | Elf:1    | Entered Level 1 of the Elven Halls
 25142 | Elf:1    | Found Qutzegru's Antique Armour Emporium.
 25388 | Spider:1 | Entered Level 1 of the Spider Nest
 25831 | Swamp:1  | Entered Level 1 of the Swamp
 25854 | Swamp:1  | Noticed Mlioglotl
 26338 | Depths:1 | Entered Level 1 of the Depths
 26367 | Depths:1 | Found a gateway to Hell.
 26510 | D:15     | Upgraded the game from 0.30-a0-266-g2b27a225a3 to
                  | 0.30-a0-272-gf98c3da03f
 27007 | Elf:1    | Reached XP level 17. HP: 82/88 MP: 36/38
 27093 | Elf:1    | Learned a level 4 spell: Cause Fear
 27627 | Elf:2    | Paralysed by an air elemental for 1 turns
 27823 | Elf:2    | Found Xocyotro's Antique Weapon Shoppe.
 28034 | Elf:2    | Reached skill level 10 in Fighting
 28280 | Elf:2    | Found a runed translucent gate.
 28280 | Elf:2    | Found a runed translucent gate.
 28280 | Elf:2    | Found a runed translucent gate.
 28504 | Elf:3    | Entered Level 3 of the Elven Halls
 28549 | Elf:3    | Found Sazatol's Jewellery Shoppe.
 28552 | Elf:3    | Reached skill level 21 in Stealth
 29493 | Elf:3    | Noticed a deep elf master archer
 29509 | Elf:3    | Killed a deep elf master archer
 29831 | Elf:3    | Identified the +7 falchion "Iresh" {vamp, *Noise +Blink Fly
                  | Str+4}
 29831 | Elf:3    | Identified the +1 leather armour of Vlad {Int+3}
 29832 | Elf:3    | Identified the +7 ring mail "Eriecodd" {rN+ Regen+ rCorr}
 29832 | Elf:3    | Noticed a deep elf blademaster
 29960 | Elf:3    | Noticed a deep elf master archer
 30000 | Elf:3    | Killed a deep elf master archer
 30012 | Elf:3    | Killed a deep elf blademaster
 30087 | Elf:3    | Identified the ring "Xoss" {rElec MP+9 Int+6 Dex+2} (You
                  | took it off a deep elf annihilator on level 3 of the Elven
                  | Halls)
 30135 | Elf:3    | HP: 3/86 [poisoned by a +1 glaive of venom]
 30135 | Elf:3    | Demolished by a +1 glaive of venom

Illustrated notes

Levels and vault maps discovered:
D:1:      scummos_arrival_simple_fountains, layout_loops_ring,
          shapermc_ecumenical_altar_ellora, minmay_misc_feat_rows,
          serial_park_tiny_2, grunt_decor_mini_mirrors, nrook_campfire,
          chequers_serial_rivers_micro_e
D:2:      layout_rooms, grunt_ministairs_3, uniq_robin, uniq_jessica,
          uniq_sigmund
D:3:      layout_loops_ring, lemuel_coloured_pillars_altar,
          nicolae_wu_jian_wuxing_cycle, nicolae_qazlal_general_emergency
D:4:      layout_loops_ring, tso_oasis_becter, uniq_crazy_yiuf_cottage
D:5:      layout_cave_pools, minmay_temple_entry_hall
D:6:      layout_basic, led_sif_pool, mainiacjoe_overflow_small_starburst,
          mainiacjoe_overflow_six_doors_small, serial_aquarium,
          aquarium_bridge_square [aquarium_subvault_window,
          aquarium_subvault_bridge, aquarium_subvault_window,
          aquarium_subvault_bridge], aquarium_window_fake,
          aquarium_window_double, aquarium_window_2, aquarium_view_2b,
          aquarium_view_2c, aquarium_balcony_3b, aquarium_pool_split,
          serial_shops, nicolae_shop_stone, uniq_duvessa
D:7:      layout_loops_ring, amcnicky_altar_gilded, ashenzari_altar_1
D:8:      layout_loops_ring, slow_altar_1, makhleb_grotto_becter, uniq_pikel,
          uniq_psyche
D:9:      layout_basic, mainiacjoe_overflow_surrounded_room,
          mainiacjoe_overflow_24_doors, uniq_maggie, uniq_joseph
D:10:     layout_basic, elyvilon_altar_5, kiku_gazebo_pond_becter,
          david_lair_generic, uniq_snorg, uniq_amaemon
D:11:     minmay_the_grid_triangle_9x9_recursive_2
          [minmay_the_grid_triangle_9x9_prize_schism,
          minmay_the_grid_triangle_9x9_semitri,
          minmay_the_grid_triangle_9x9_swiss_cheese,
          minmay_the_grid_triangle_9x9_subtriangle], layout_cave_pools,
          orc_0_dummy
D:12:     layout_roguey, serial_shops, nicolae_take_the_stairs,
          nicolae_ru_awakened_eye
D:13:     minmay_expanding_squares, layout_basic, grunt_vaults_entry_fortified,
          portal_ice_cave_entry_imps
D:14:     layout_loops_ring, nemelex_xobeh_ov_fountains_minmay,
          chequers_serial_rivers_small_b, nicolae_shop_fire_sale
          [nicolae_sub_dead_trees], dreamdust_deal_with_the_devil
D:15:     hangedman_depths_entry_try_elsewhere_first, layout_rooms,
          roderic_roman_lattice, minmay_misc_feat_cross,
          yredelemnul_forgotten_temple_becter
Temple:   nicolae_temple_little_seven
Lair:1:   layout_cave_pods, nicolae_volcano_entry_lava_flow, roderic_batcave,
          infiniplex_staircase_pool, uniq_sonja
Lair:2:   layout_small_grid, hellmonk_spider_entry_life_and_decay,
          grunt_forest_stairs_basic, uniq_fannar
Lair:3:   layout_hall_layers, nicolae_swamp_entry_splash_gauntlet,
          chequers_serial_rivers_micro_a, grunt_megastairs_1, uniq_nessos
Lair:4:   layout_cellular_growth, slime_entry_1, minivault_27
Lair:5:   gammafunk_lair_ancient_temple, layout_small_grid, special_room
          [special_room_mythical_zoo]
Swamp:1:  layout_basic_swamp, evilmike_swamp_ruin_house_1, swamp_pool1,
          hangedman_swamp_grove, uniq_mlioglotl
Spider:1: layout_spider_delve
Orc:1:    layout_caves, sword_in_stone
Orc:2:    pf_orc_diabolical, layout_diamond_mine, uniq_josephine
Elf:1:    layout_loops_cross, serial_aquarium, aquarium_bridge_square
          [aquarium_subvault_bridge, aquarium_subvault_bridge,
          aquarium_subvault_window, aquarium_subvault_wall],
          aquarium_window_corridor_2, aquarium_window_fake, aquarium_view_2b,
          aquarium_pool_2, serial_shops, nicolae_shop_crystal,
          hangedman_elf_represent
Elf:2:    nicolae_elf_blades_splatter_lattice [nicolae_blade_bullseye],
          layout_loops_cross, serial_shops, nicolae_square_shop
Elf:3:    minmay_elf_hall_dome, layout_geoelf_castle, serial_shops,
          nicolae_shop_waterfront, grunt_ministairs_11
Depths:1: layout_basic, hangedman_tar_grid_catacomb, fedhas_altar_fruit_tree,
          kennysheep_generic_room_15, nicolae_triple_integral

Skill      XL: |  1  2  3  4  5  6  7  8  9 10 11 12 13 14 15 16 17 |
---------------+----------------------------------------------------+-----
Spellcasting   | 3 5 6 7 8 9 10 11 12 13 14 15 16 17 | 17.3
Hexes          | 4 6 7 9 10 11 12 13 14 15 18 | 18.9
Stealth        | 7 11 12 13 15 17 18 19 20 21 | 21.6
Dodging        | 4 7 8 10 11 13 14 15 | 15.1
Fighting       | 2 3 5 7 8 9 10 | 10.6
Short Blades   | 3 5 7 9 10 11 12 13 | 13.1
Summonings     | 5 |  5.0

Action                   |  1- 3 |  4- 6 |  7- 9 | 10-12 | 13-15 | 16-18 || total
-------------------------+-------+-------+-------+-------+-------+-------++-------
Melee: Dagger            |    80 |   174 |   205 |   346 |  1048 |   419 ||  2272
       Punch             |       |     3 |     2 |     5 |    13 |    12 ||    35
       Rapier            |       |       |       |       |       |   288 ||   288
 Cast: Tukima's Dance    |     1 |     5 |    17 |    11 |    30 |    36 ||   100
       Ensorcelled Hiber |       |    14 |    51 |    86 |   136 |    25 ||   312
       Confusing Touch   |       |     2 |    12 |    13 |    17 |    11 ||    55
       Summon Mana Viper |       |       |       |     7 |    13 |     6 ||    26
       Dazzling Flash    |       |       |       |     4 |    49 |    44 ||    97
       Discord           |       |       |       |       |       |    16 ||    16
Invok: Shadow Step       |       |       |       |       |     4 |     4 ||     8
Evoke: Wand              |       |       |     2 |     1 |     8 |     4 ||    15
       Condenser vane    |       |       |       |       |     1 |     1 ||     2
       Tin of tremorston |       |       |       |       |       |     3 ||     3
  Use: Scroll            |     1 |    10 |    10 |     9 |    11 |     9 ||    50
       Potion            |       |     3 |     3 |     6 |     6 |     3 ||    21
 Stab: Sleeping          |    17 |    20 |    48 |    73 |   165 |    88 ||   411
       Invisible         |       |     4 |       |     5 |    36 |    42 ||    87
       Confused          |       |       |     7 |     9 |    13 |     7 ||    36
       Distracted        |       |       |     1 |     5 |    12 |    12 ||    30
       Betrayed ally     |       |       |       |     1 |       |       ||     1
       Petrifying        |       |       |       |       |       |     1 ||     1
Armor: Robe              |     6 |    22 |    33 |    42 |    31 |       ||   134
       Steam dragon scal |       |       |       |       |    95 |    81 ||   176
Dodge: Dodged            |    55 |   101 |   134 |   279 |   980 |   626 ||  2175

Table legend: (Time is in decaauts)
 A = Elapsed time spent in this place.
 B = Non-inter-level travel time spent in this place.
 C = Inter-level travel time spent in this place.
 D = Time resting spent in this place.
 E = Time spent auto-exploring this place.
 F = Levels seen in this place.
 G = Mean time per level.
                   A        B        C        D        E       F      G
               +--------+--------+--------+--------+--------+-----+--------+
         Total |  21185 |  19732 |   1453 |    867 |  13462 |  31 |  683.4 |
       Dungeon |  10766 |  10099 |    667 |    329 |   7126 |  15 |  717.7 |
        Temple |     11 |      6 |      5 |      0 |      0 |   1 |   11.0 |
          Lair |   4286 |   3740 |    546 |     26 |   2716 |   5 |  857.2 |
         Swamp |     34 |     34 |      0 |      0 |      4 |   1 |   34.0 |
   Spider Nest |    270 |    270 |      0 |      0 |    115 |   1 |  270.0 |
  Orcish Mines |   2043 |   1936 |    107 |    245 |   1163 |   2 | 1021.5 |
   Elven Halls |   2471 |   2350 |    121 |     66 |   1684 |   3 |  823.7 |
        Depths |    112 |    109 |      3 |      0 |     82 |   1 |  112.0 |
      Ice Cave |    866 |    866 |      0 |     12 |    556 |   1 |  866.0 |
       Volcano |    322 |    322 |      0 |    187 |     12 |   1 |  322.0 |
               +--------+--------+--------+--------+--------+-----+--------+

Top non-repeatable levels by time:
   Orc:2: 1613 daAuts
    D:13: 1452 daAuts
   Elf:3: 1182 daAuts
  Lair:5: 1142 daAuts
  Lair:1: 1074 daAuts
   IceCv: 866 daAuts
  Lair:2: 859 daAuts
    D:10: 842 daAuts
     D:9: 824 daAuts
    D:15: 822 daAuts
     D:4: 821 daAuts
    D:14: 749 daAuts
    D:11: 720 daAuts
     D:6: 678 daAuts
   Elf:1: 657 daAuts
